Arrhythmia, chaotic female vampiric Convict ---- ---- ------- |..--- --..--- |..|-.--- ---- ---|....| --.....---------- |..|....| ---..| --.----..-- |........--..--.-- |.---...-- ----....| |...|--...| |...../..........| |...|....-- --......-- ------- |..-|...--- --....[..)......-- ---- -----...--..------......-| --.--..---..--.--- --...--.(.....-- --..| --.---...||-...--.........-- |............*.| -----|....-.-- |...| |......|.--................| |............--- --.....| ---.|.----..?..|..................-- --............--------------------.--- |.&.|...|--./..|--................-- |..............................|...| ---@-----.----%.-|...........(.......| --..|.../..............-------.|.--- |.[.| |.^.|-(.||..--......>........| -----.........................[.--------.--- ---[|..------|..............-- -----...---.--..--...|................| --....| -------........-- |.------- -----.--..<|-..|..[.--------- --.....-- --........| |.....-- --......|------.-- |.......-- |.....-.-- ---....| |......-- --- --.......| --.......| --..--------.....-- |..--...| |........-- --..............| ----|..-- |.........| -----------..--- ---- --.|.---.-- ---- ----- --- Arrhythmia the Jail-bird Experience level: 7 Strength: 17 Dexterity: 14 Constitution: 15 Intelligence: 10 Wisdom: 10 Charisma: 8 Health: 0(54) Energy: 40(40) AC: 10 Gold: 506 Moves: 2367 Your Inventory: Coins $ - 506 gold pieces Amulets k - an uncursed amulet of magical breathing Weapons j - an uncursed +0 katana (weapon in hand) Armor b - an uncursed +0 striped shirt q - a cursed -2 hooded cloak [dwarvish] (being worn) r - a cursed +0 pair of hard shoes [iron] (being worn) Scrolls l - an uncursed scroll of earth m - an [uncursed] scroll labeled VERR YED HORRE [of remove curse] u - an [uncursed] scroll labeled ELAM EBOW [of enchant weapon] Potions s - an [uncursed] puce potion [of healing] Wands f - an uncursed wand of magic missile (0:6) p - an [uncursed] wand called Make inv [of make invisible (0:5)] Tools n - a [blessed oil] lamp (lit) x - an [uncursed] bag [sack] Gems g - an uncursed worthless piece of blue glass w - an [uncursed] orange gem [worthless glass] Iron balls c - an uncursed heavy iron ball (chained to you) Spells known in the end: Name Level Category Fail Memory Your skills at the end: Fighting Skills Weapon Skills sling [Basic / Skilled] Spellcasting Skills Final Attributes: You were piously aligned. Hunger level was 331. Your alignment was 21 / 21. Monster difficulty range was 0 - 6. Level difficulty was 5. You were immune to poison. You were immune to level-drain. You were immune to sickness. You were hallucinating. You were punished. You could fly. You could survive without air. You regenerated. Your luck was zero. You are dead. Vanquished creatures: a wolf a housecat 2 water moccasins a fog cloud 2 gnome lords 2 gnomish wizards a golden naga hatchling 5 dwarves a kobold lord a giant bat a wererat an iguana an acid blob 2 hobbits a giant rat a green mold a red mold 16 gnomes a gecko 8 jackals 3 grid bugs 3 lichens 5 newts and a partridge in a pear tree 61 creatures vanquished. Voluntary challenges: You went without food. You used a wielded weapon 6 times. You read items or engraved 39 times. You put on armor 3 times. You never genocided any monsters. You never polymorphed an object. You never changed form. You used no wishes. You wrote Elbereth's name 24 times. You never encountered a bones level. You never used any Sokoban shortcuts. Dungeon overview: The Dungeons of Doom: levels 1 to 3 Level 1 a long staircase Level 3 an altar stairs to The Gnomish Mines The Gnomish Mines: levels 4 to 5 Level 4 stairs to The Dungeons of Doom Level 5 <- You were here History has recorded: On T:1 you entered the Dungeons of Doom to retrieve the Amulet of Yendor! On T:393 you reached level 2 of The Dungeons of Doom. On T:404 you advanced to experience level 2. On T:460 you advanced to experience level 3. On T:1063 you reached level 3 of The Dungeons of Doom. On T:1125 you advanced to experience level 4. On T:1344 you advanced to experience level 5. On T:1530 you reached level 1 of The Gnomish Mines. On T:1602 you advanced to experience level 6. On T:1882 you reached level 2 of The Gnomish Mines. On T:2030 you advanced to experience level 7. Latest messages: [HP-14=30] You miss the troll. You miss the youma. The flying pig hits! The Ravenous Bugblatter Beast of Traal hits! The hell hound pup bites! [HP-10=20] You miss the ape. You miss the prophylactic worm. The captain hits! The glossy golem hits! The gnome laureate bites! [HP-8=12] You miss the dornbeast. You miss the wyvern. The basilisk hits! The aquator hits! The bonsai-kitten bites! [HP-10=2] You scrawl "Elbereth" with your fingers onto the floor. The black unicorn hits! You die... The sack is empty. Final status: Goodbye Arrhythmia the Convict... You died in The Gnomish Mines on dungeon level 5 with 2902 points, and 506 pieces of gold, after 2367 moves. You were level 7 with a maximum of 54 hit points when you died.